 Dungeon Crawl Stone Soup version 0.30.0-5-g1a98f26d00 (webtiles) character file.

Game seed: 8589358295989906063

59 hawla the Firebug (level 4, 0/33 HPs)
             Began as a Meteoran Fire Elementalist on May 12, 2023.
             Slain by an orc wizard
             ... wielding a +0 dagger
              (2 damage)
             ... on level 6 of the Dungeon.
             The game lasted 00:02:18 (356 turns).

hawla the Firebug (Meteoran Fire Elementalist)       Turns: 356, Time: 00:02:19

Health: 0/33       AC:  2    Str:  9 (10) XL:     4   Next: 46%
Magic:  4/9        EV: 12    Int: 17 (18) God:
Gold:   45         SH:  0    Dex: 11 (14) Spells: 6/9 levels left

rFire   . . .        (no weapon)
rCold   . . .        (no shield)
rNeg    . . .        a - +0 robe
rPois   .            (no helmet)
rElec   .            (no cloak)
rCorr   .            (no gloves)
SInv    .            (no boots)
Will    .....        (no amulet)
Stlth   +            (no ring)
HPRegen 0.25/turn    (no ring)
MPRegen 0.11/turn

%: no passive effects
@: very slightly contaminated, glowing
A: sense surroundings 1, otherworldly, glowing, explore regen
a: no special abilities


You were on level 6 of the Dungeon.
You visited 1 branch of the dungeon, and saw 4 of its levels.

You collected 45 gold pieces.

Inventory:

Armour
 a - a +0 robe (worn)
Jewellery
 f - a ring of see invisible
Wands
 e - a wand of flame (12) (quivered)
Scrolls
 d - a scroll of identify {unknown}
Potions
 b - a potion of magic
 c - 3 potions of degeneration
 g - a potion of mutation {unknown}


   Skills:
 + Level 2.5 Dodging
 - Level 1.4 Stealth
 + Level 3.1 Spellcasting
 + Level 1.4 Conjurations
 + Level 4.2 Fire Magic
 + Level 3.0 Evocations


You had 6 spell levels left.
You knew the following spells:

 Your Spells              Type           Power      Damage    Failure   Level
a - Foxfire               Conj/Fire      48%        2x1d6     5%          1
b - Scorch                Fire           34%        2d6       4%          2

Your spell library contained the following spells:

 Spells                   Type           Power      Damage    Failure   Level
 Inner Flame              Hex/Fire       9%         N/A       22%         3
 Volatile Blastmotes      Fire/Tloc      18%        2d11      22%         3
 Flame Wave               Conj/Fire      12%        2d6       47%         4


Dungeon Overview and Level Annotations

Branches:
Dungeon (6/15) Zot: 2043
 Temple: D:4-7

Altars:

Shops:
D:1 (


Innate Abilities, Weirdness & Mutations

You passively map a small area around you.
You are easily found by Zot.
You glow in the dark.
You regain HP and MP as you explore.


Message History

Your Spellcasting skill increases to level 3!
Your Fire Magic skill increases to level 4!
You have reached level 4!
Aiming: Throw Flame
Press: ? - help, Shift-Dir - straight line, f - orc
Aim: an orc, wielding a +0 short sword (71% to hit)
The puff of flame misses the orc.
The puff of flame hits something.
The orc hits you with a +0 short sword.
* * * LOW HITPOINT WARNING * * *
Unknown command.
Aiming: Throw Flame
Press: ? - help, Shift-Dir - straight line, f/p - orc
Aim: an orc, wielding a +0 short sword (71% to hit)
The puff of flame hits the orc!
You kill the orc!
Unknown command.
Casting: Scorch (safe; 4% risk of failure)
Confirm with . or Enter, or press ? or * to list all spells.
You miscast Foxfire.
You are very lightly contaminated with residual magic.
Nothing appears to happen.
Aiming: Throw Flame
Press: ? - help, Shift-Dir - straight line, f - hound
Aim: a hound (60% to hit)
The puff of flame hits something.
Something hits you.
* * * LOW HITPOINT WARNING * * *
Unknown command.
Aiming: Throw Flame
Press: ? - help, Shift-Dir - straight line, p - hound The puff of flame hits the hound!
The hound is heavily wounded.
You hear some strange, mumbled words.
A magic dart appears from out of thin air!
The magic dart hits you.
* * * LOW HITPOINT WARNING * * *
It was a potion of degeneration.
There was something very wrong with that liquid.
You feel weakened.
You feel dopey.
You feel clumsy. Something hits you.
You die...

#.# #.# #.#
#.#####.####.#
##.............
#...#..........
#......#.####..
#..#.#..)# #..
#..#.....# #..
####).......#
#..
#@...#####.##
#.. #{#### #.#
#.. #h# * # * ,
#o# * #.# * #.#
#.# #.# #.#


You could see a hound and an orc.

Vanquished Creatures
  An orc priest (D:6)
  2 adders (D:3)
  2 orcs (D:6)
  A ball python (D:3)
  A goblin (D:1)
  A hobgoblin (D:1)
  2 frilled lizards
  2 kobolds
12 creatures vanquished.

Vanquished Creatures (others)
  30 foxfires
30 creatures vanquished.

Grand Total: 42 creatures vanquished

Notes
Turn   | Place    | Note
-------+----------+-------------------------------------------
     0 | D:1      | hawla the Meteoran Fire Elementalist began the quest for
                  | the Orb.
     0 | D:1      | Reached XP level 1. HP: 14/14 MP: 5/5
   169 | D:1      | Found Nug Geor's Antique Weapon Shop.
   191 | D:2      | Reached XP level 2. HP: 20/20 MP: 3/6
   224 | D:3      | Learned a level 2 spell: Scorch
   275 | D:3      | Reached skill level 1 in Evocations
   283 | D:3      | Reached XP level 3. HP: 25/26 MP: 0/8
   297 | D:3      | You fall into a shaft and drop 3 floors!
   349 | D:6      | Reached skill level 4 in Fire Magic
   349 | D:6      | Reached XP level 4. HP: 14/33 MP: 4/9
   355 | D:6      | HP: 1/33 [something/magic dart (6)]
   356 | D:6      | Slain by an orc wizard

Illustrated notes

Levels and vault maps discovered:
D:1:      psy_arrival_basics, layout_basic,
          shapermc_ecumenical_altar_starsandcircs, serial_shops, shop,
          corexii_corridor_pit
D:2:      layout_rooms, basic_altar
D:3:      layout_basic, mainiacjoe_overflow_cross_hatched
D:6:      layout_loops_ring

Skill      XL: |  1  2  3 |
---------------+----------+-----
Evocations     | 2 3 |  3.0
Spellcasting   | 3 |  3.1
Fire Magic     | 4 |  4.2
Dodging        | |  2.5
Stealth        | |  1.4
Conjurations   | |  1.4

Action                     |  1- 3 |  4- 6 || total
---------------------------+-------+-------++-------
  Melee: Unarmed           |     7 |       ||     7
   Cast: Foxfire           |    19 |       ||    19
         Scorch            |     3 |       ||     3
  Evoke: Wand              |       |     4 ||     4
    Use: Potion            |       |     1 ||     1
  Dodge: Dodged            |     5 |       ||     5
